Get step-by-step instructions on how to execute this build order below. Start the game timer, and the build order will tick by so you can play in parallel with StarCraft on a second screen or mobile device.

Game Time

  0:00

Last Step

  N/A

Next Step

Upcoming Step



Don't want to look back and forth between 2 screens? Try out our Overwolf App, the Spawning Tool Build Advisor to get an in-game overlay with this build!

Complete Build Order

  12  0:01  SCV  
  13  0:13  SCV  
  14  0:18  Supply Depot  
  14  0:25  SCV  
  15  0:40  SCV  
  15  0:42  Barracks  
  16  0:46  Refinery  
  16  0:52  SCV  
  17  1:04  SCV  
  18  1:16  SCV  
  19  1:28  Orbital Command  
  19  1:29  Reaper  
  20  1:43  Command Center  
  20  1:54  Supply Depot, SCV  
  20  2:01  Marine  
  21  2:06  SCV  
  23  2:10  Factory  
  23  2:15  Refinery  
  23  2:18  SCV  
  24  2:23  Barracks Reactor  
  24  2:30  SCV  
  25  2:43  SCV  
  26  2:55  SCV  
  26  2:56  Orbital Command  
  27  3:04  Starport  
  27  3:08  Hellion  
  27  3:09  Marine, Hellion  
  27  3:12  SCV  
  33  3:16  Armory  
  33  3:22  SCV  
  33  3:24  SCV  
  35  3:27  Marine  
  35  3:30  Hellion x2  
  40  3:35  Supply Depot  
  40  3:36  SCV  
  40  3:39  SCV  
  42  3:45  Medivac  
  42  3:47  Marine  
  45  3:48  SCV  
  46  3:57  Hellion x2, SCV  
  46  4:01  Supply Depot  
  52  4:02  SCV  
  52  4:07  Marine  
  52  4:09  Supply Depot, SCV  
  54  4:23  SCV x2  
  59  4:29  Hellion  
  63  4:31  Hellion  
  63  4:32  Barracks Tech Lab  
  63  4:35  SCV x2  
  63  4:37  Supply Depot  
  65  4:52  Command Center